 Dungeon Crawl Stone Soup version 0.29.1-15-g9cfb28693d (webtiles) character file.

Game seed: 6713938010031932530

120 Silvore the Trooper (level 4, 0/37 HPs)
             Began as a Demonspawn Monk on Apr 30, 2023.
             Slain by an orc wizard
             ... wielding a +0 dagger
              (3 damage)
             ... on level 3 of the Dungeon.
             The game lasted 00:03:27 (3603 turns).

Silvore the Trooper (Demonspawn Monk)               Turns: 3603, Time: 00:03:27

Health: 0/37       AC:  6    Str: 11    XL:     4   Next: 75%
Magic:  4/4        EV: 10    Int: 11    God:
Gold:   215        SH:  0    Dex: 18    Spells: 3/3 levels left

rFire   . . .      SeeInvis .   a - +0 hand axe
rCold   . . .      Faith    .   (no shield)
rNeg    + . .      Spirit   .   h - +0 scale mail {rN+}
rPois   .          Reflect  .   (no helmet)
rElec   .          Harm     .   (no cloak)
rCorr   .          Rampage  .   (no gloves)
Will    .....                   (no boots)
Stlth   +.........              (no amulet)
HPRegen 0.12/turn               (no ring)
MPRegen 0.09/turn               (no ring)

@: no status effects
A: claws 1
a: no special abilities


You were on level 3 of the Dungeon.
You visited 1 branch of the dungeon, and saw 3 of its levels.

You collected 215 gold pieces.

Inventory:

Hand Weapons
 a - a +0 hand axe (weapon)
Armour
 b - a +0 robe
 h - a +0 scale mail of positive energy (worn)
Jewellery
 c - an amulet of guardian spirit
Scrolls
 e - a scroll of torment
 k - a scroll of identify
Potions
 d - 3 potions of curing
 f - a potion of invisibility {unknown}
 g - a potion of brilliance {unknown}
 i - a potion of degeneration {unknown}
 j - a potion of heal wounds {unknown}


   Skills:
 + Level 3.7 Fighting
 + Level 3.6 Axes
 + Level 1.2 Armour
 + Level 3.1 Dodging
 + Level 2.5 Stealth


You had 3 spell levels left.
You didn't know any spells.
Your spell library contained the following spells:

 Spells                   Type           Power      Damage    Failure   Level
 Sublimation of Blood     Necr           0%         N/A       97%         2
 Wereblood                Tmut           0%         N/A       97%         2
 Summon Hydra             Summ           0%         N/A       100%        7


Dungeon Overview and Level Annotations

Branches:
Dungeon (3/15)

Altars:


Innate Abilities, Weirdness & Mutations

You have sharp fingernails.


Message History

You hear some strange, mumbled words.
A magic dart appears from out of thin air!
The magic dart hits you.
You hit something but do no damage. Something hits you but does no damage.
You hit something but do no damage. Something hits you but does no damage.
You barely miss something.
You hear some strange, mumbled words.
Something tries to affect you, but you resist.
Something hits you but does no damage.
You miss something. Something hits you but does no damage.
You miss something. Something hits you.
You closely miss something. Something hits you but does no damage.
You hit something. Something hits you.
You closely miss something. Something hits you but does no damage.
You closely miss something. Something hits you but does no damage.
You miss something.
You hear some strange, mumbled words.
A magic dart appears from out of thin air!
The magic dart hits you.
* * * LOW HITPOINT WARNING * * *
Something hits you but does no damage.
You miss something.
An orc wizard appears from thin air!
Reactivating autopickup.
Something hits you but does no damage.
Deactivating autopickup; reactivate with Ctrl-A.
The orc wizard mumbles some strange words.
The orc wizard flickers and vanishes!
The rat twitches its whiskers.
You barely miss something. Something hits you but does no damage.
You barely miss something. Something hits you but does no damage.
You closely miss something.
You hear some strange, mumbled words.
Something tries to affect you, but you resist.
You barely miss something. Your claw misses something.
You hear some strange, mumbled words.
A magic dart appears from out of thin air!
The magic dart hits you.
* * * LOW HITPOINT WARNING * * *
You closely miss something. Something hits you.
You die...

#.# #####. #.# #.. # #.#
#.. #. ##'## #.. !. ##...##
##.. ###.## ##.....## #...
......### ##.......## #...
.>.....{###.........####...
#...orS{@.........'......
#....g###....#########...
#.#.#.# ##.### ##.# # #.#.#
### ### # #.# # #.# # ..# #
### . #


You could see an orc, a hobgoblin, a ball python and a rat.

Vanquished Creatures
  A howler monkey (D:3)
  An adder (D:3)
  A worm (D:3)
  7 orcs (D:3)
  6 ball pythons
  6 endoplasms
  3 giant cockroaches (D:1)
  2 hobgoblins
  2 jackals (D:3)
  6 kobolds
  7 quokkas
  3 bats
  3 frilled lizards
  4 goblins
  6 rats
58 creatures vanquished.

Vanquished Creatures (others)
  A plant (D:1)
1 creature vanquished.

Grand Total: 59 creatures vanquished

Notes
Turn   | Place    | Note
-------+----------+-------------------------------------------
     0 | D:1      | Silvore the Demonspawn Monk began the quest for the Orb.
     0 | D:1      | Reached XP level 1. HP: 18/18 MP: 1/1
   497 | D:1      | Gained mutation: You have sharp fingernails. [demonic
                  | ancestry]
   497 | D:1      | Reached XP level 2. HP: 10/24 MP: 2/2
  1138 | D:1      | Found a faded altar of an unknown god.
  1878 | D:2      | Reached XP level 3. HP: 28/29 MP: 3/3
  2722 | D:3      | Reached XP level 4. HP: 9/35 MP: 4/4
  3154 | D:3      | Reached skill level 1 in Armour
  3603 | D:3      | Slain by an orc wizard

Illustrated notes

Levels and vault maps discovered:
D:1:      kennysheep_arrival_forest, layout_loops_ring,
          dreamdust_ecumenical_altar_hidden_monk_grotto,
          nicolae_concentric_dashed_squares_wild
D:2:      layout_rooms
D:3:      layout_loops_corners, tso_altar, kennysheep_generic_room_8, uniq_ijyb

Skill      XL: |  1  2  3  4 |
---------------+-------------+-----
Axes           | 3 |  3.6
Stealth        | 2 |  2.5
Dodging        | 3 |  3.1
Armour         | 1 |  1.2
Fighting       | |  3.7

Action                   |  1- 3 |  4- 6 || total
-------------------------+-------+-------++-------
Melee: Hand axe          |   168 |    66 ||   234
  Use: Scroll            |     5 |       ||     5
       Potion            |     1 |       ||     1
 Stab: Sleeping          |     5 |       ||     5
Armor: Robe              |    10 |       ||    10
       Scale mail        |    44 |    28 ||    72
Dodge: Dodged            |   119 |    30 ||   149
